 Dungeon Crawl Stone Soup version 0.29-a0-284-gf9362112df (webtiles) character file.

Game seed: 8208896583063612992

20 Warped the Shield-Bearer (level 2, 0/21 HPs)
             Began as an Octopode Fighter on Mar 22, 2022.
             Slain by a jackal (1 damage)
             ... on level 1 of the Dungeon.
             The game lasted 00:00:43 (264 turns).

Warped the Shield-Bearer (Octopode Fighter)          Turns: 264, Time: 00:00:43

Health: 0/21       AC:  1    Str: 15    XL:     2   Next: 79%
Magic:  2/2        EV: 13    Int: 10    God:
Gold:   18         SH:  4    Dex: 11    Spells: 1/1 levels left

rFire   . . .      SeeInvis .   a - +0 rapier
rCold   . . .      Faith    .   b - +0 buckler
rNeg    . . .      Spirit   .   (helmet restricted)
rPois   .          Reflect  .   (no amulet)
rElec   .          Harm     .   (no ring)
rCorr   .          Rampage  .   (no ring)
Will    .....                   (no ring)
Stlth   +++.......              (no ring)
HPRegen 0.07/turn               (no ring)
MPRegen 0.08/turn               (no ring)
                                (no ring)
                                (no ring)

@: no status effects
A: almost no armour, amphibious, 8 rings, camouflage 1, gelatinous body 1,
(nimble swimmer 1), tentacles
a: no special abilities


You were on level 1 of the Dungeon.
You visited 1 branch of the dungeon, and saw 1 of its levels.

You collected 18 gold pieces.

Inventory:

Hand Weapons
 a - a +0 rapier (weapon)
 i - a +1 mace of protection
Missiles
 f - 5 javelins (quivered)
 g - 4 stones
Armour
 b - a +0 buckler (worn)
Scrolls
 d - 2 scrolls of identify {unknown}
 e - a scroll of amnesia {unknown}
 h - a scroll of fear {unknown}
Potions
 c - a potion of might


   Skills:
 - Level 3.0 Fighting
 + Level 2.4 Short Blades
 - Level 3.0 Dodging
 * Level 2.8 Stealth
 - Level 3.0 Shields


You had one spell level left.
You didn't know any spells.
Your spell library was empty.

Dungeon Overview and Level Annotations

Branches:
Dungeon (1/15)

Altars:


Innate Abilities, Weirdness & Mutations

You cannot wear most types of armour.
You are amphibious.
You can wear up to eight rings at the same time.
Your skin changes colour to match your surroundings (Stealth+).
Your rubbery body absorbs attacks. (AC +1, EV +1)
((You are camouflaged when in or above water. (Stealth+)))
You have tentacles for arms and can constrict up to eight enemies at once.


Message History

You are too injured to fight recklessly!
You are too injured to fight recklessly!
You are too injured to fight recklessly!
You are too injured to fight recklessly!
You are too injured to fight recklessly!
You are too injured to fight recklessly!
You are too injured to fight recklessly!
You are too injured to fight recklessly!
Unknown command.
You are too injured to fight recklessly!
You hit the endoplasm.
The endoplasm is heavily wounded.
The endoplasm freezes you.
You are frozen.
* * * LOW HITPOINT WARNING * * *
You hit the endoplasm.
You kill the endoplasm!
You block the rat's attack.
You puncture the rat!
You kill the rat!
A jackal comes into view.
Things that are here:
a +0 dagger; a hobgoblin corpse You closely miss the jackal.
The jackal barks!
Your grab misses the jackal. Your squeeze misses the jackal.
The jackal bites you.
* * * LOW HITPOINT WARNING * * *
You block the jackal's attack.
You hit the jackal but do no damage. Your grab misses the jackal.
You squeeze the jackal.
The jackal is lightly wounded.
The jackal bites you.
* * * LOW HITPOINT WARNING * * *
You hit the jackal. Your grab misses the jackal.
The jackal is severely wounded.
The jackal bites you.
* * * LOW HITPOINT WARNING * * *
The jackal bites you.
You die...

#.# #.# #... ##'## #..
##...## #.. ##.....##
#.## # ##.......##
#..##.###
#.........####........
+.......†.'...........
#.............@..#
##.......#####.h##
##......# #.....
##...#.# #|.####
#......# ...# #.#.##.#
#..# #.#. #.# #..# #
#. ..# #..#


You could see a jackal.

Vanquished Creatures
  2 bats (D:1)
  4 endoplasms (D:1)
  A goblin (D:1)
  3 hobgoblins (D:1)
  2 kobolds (D:1)
  A frilled lizard (D:1)
  3 rats (D:1)
  A spectral kobold (D:1)
17 creatures vanquished.

Notes
Turn   | Place    | Note
-------+----------+-------------------------------------------
     0 | D:1      | Warped the Octopode Fighter began the quest for the Orb.
     0 | D:1      | Reached XP level 1. HP: 16/16 MP: 1/1
    13 | D:1      | Reached skill level 1 in Stealth
    48 | D:1      | Found a faded altar of an unknown god.
    98 | D:1      | Reached XP level 2. HP: 21/21 MP: 2/2
   264 | D:1      | HP: 1/21 [jackal (2)]
   264 | D:1      | Slain by a jackal

Illustrated notes

Levels and vault maps discovered:
D:1:      saegor_arrival_simple_b, layout_loops_corners,
          dreamdust_ecumenical_altar_drowned_temple, minmay_split_cup_large

Skill      XL: |  1  2 |
---------------+-------+-----
Stealth        | 1 2 |  2.8
Fighting       | |  3.0
Short Blades   | |  2.4
Dodging        | |  3.0
Shields        | |  3.0

Action                   || total
-------------------------++-------
Melee: Rapier            ||    35
       Tentacles         ||     5
       Constrict         ||     4
 Stab: Sleeping          ||     4
Armor: Skin              ||     4
Dodge: Dodged            ||    14
Block: Buckler           ||    11

Table legend: (Time is in decaauts)
 A = Elapsed time spent in this place.
 B = Non-inter-level travel time spent in this place.
 C = Inter-level travel time spent in this place.
 D = Time resting spent in this place.
 E = Time spent auto-exploring this place.
 F = Levels seen in this place.
 G = Mean time per level.
                   A        B        C        D        E       F      G
               +--------+--------+--------+--------+--------+-----+--------+
         Total |    268 |    255 |     13 |      0 |    165 |   1 |  268.0 |
       Dungeon |    268 |    255 |     13 |      0 |    165 |   1 |  268.0 |
               +--------+--------+--------+--------+--------+-----+--------+

Top non-repeatable levels by time:
     D:1: 268 daAuts
